General information
- name: BNet
- type: Ladder team game (AT/RT)
- host: Battle.net
- saver: FATidiot
map: FullScaleAssault
- players: 8
- length: 37:27
- speed: Fast
- version: 1.25 W3XP
- replay type: Public
» download(354 KB)
Players
team 1 (winner)

»
FATidiot (
blue | 112 APM | 4208 actions | 37:27)
7 Archmage
3 Summon Water Elemental
3 Brilliance Aura
1 Mass Teleport
7 Mountain King
3 Storm Bolt
3 Bash
1 Avatar
7 Paladin
3 Holy Light
3 Divine Shield
1 Resurrection
» actions
| Assign group hotkey | 62 | |
| Basic commands | 13 | |
| Build / train | 139 | |
| ESC pressed | 4 | |
| Enter build submenu | 38 | |
| Enter hero's abilities submenu | 21 | |
| Give item / drop item | 6 | |
| Right click | 1237 | |
| Select / deselect | 1117 | |
| Select group hotkey | 1279 | |
| Use ability | 292 | |
4208 total
» units
| Peasant | 15 | |
| Footman | 8 | |
| Gryphon Rider | 15 | |
| Dragonhawk Rider | 16 | |
54 total
» upgrades
| Masonry | 3 | |
| Defend | 1 | |
| Lumber Harvesting | 2 | |
| Animal War Training | 1 | |
| Swords | 4 | |
| Storm Hammers | 1 | |
| Armor | 3 | |
| Cloud | 1 | |
16 total
» buildings
| Altar of Kings | 1 | |
| Barracks | 1 | |
| Farm | 12 | |
| Town Hall | 2 | |
| Lumber Mill | 1 | |
| Scout Tower | 11 | |
| Keep | 1 | |
| Guard Tower | 6 | |
| Arcane Vault | 1 | |
| Arcane Tower | 1 | |
| Blacksmith | 1 | |
| Castle | 1 | |
| Gryphon Aviary | 3 | |
42 total
» build order
00:07 Altar of Kings
00:18 Barracks
00:33 Farm
00:48 Farm
01:45 Farm
03:15 Town Hall
03:37 Lumber Mill
04:32 Scout Tower
04:33 Scout Tower
04:35 Scout Tower
04:47 Keep
05:07 Farm
05:08 Guard Tower
05:24 Guard Tower
05:36 Farm
05:38 Arcane Vault
05:42 Guard Tower
05:43 Scout Tower
06:11 Arcane Tower
06:12 Farm
06:13 Farm
06:20 Blacksmith
07:33 Castle
07:51 Gryphon Aviary
09:20 Gryphon Aviary
09:21 Gryphon Aviary
09:53 Farm
09:54 Farm
12:47 Farm
15:15 Farm
15:16 Farm
27:43 Scout Tower
27:50 Scout Tower
28:03 Guard Tower
28:05 Scout Tower
28:08 Scout Tower
28:08 Scout Tower
28:09 Guard Tower
28:12 Scout Tower
28:14 Scout Tower
28:35 Guard Tower
31:58 Town Hall
» items
| Scroll of Regeneration | 7 | |
| Lesser Clarity Potion | 8 | |
| Boots of Speed | 1 | |
| Staff of Teleportation | 1 | |
| Scroll of Healing | 4 | |
| Scroll of Town Portal | 5 | |
| Potion of Healing | 2 | |
| Staff of Sanctuary | 2 | |
| Potion of Lesser Invulnerability | 1 | |
| Scroll of Protection | 2 | |
33 total
dida_7 (
red | 101 APM | 3785 actions | 37:26)
6 Priestess of the Moon
3 Trueshot Aura
2 Scout
1 Starfall
6 Dark Ranger
3 Black Arrow
2 Silence
1 Charm
» actions
| Assign group hotkey | 112 | |
| Basic commands | 111 | |
| Build / train | 146 | |
| ESC pressed | 9 | |
| Enter build submenu | 42 | |
| Enter hero's abilities submenu | 12 | |
| Give item / drop item | 5 | |
| Remove unit from queue | 1 | |
| Right click | 1709 | |
| Select / deselect | 575 | |
| Select group hotkey | 938 | |
| Use ability | 125 | |
3785 total
» units
| Wisp | 50 | |
| Dryad | 18 | |
| Druid of the Talon | 2 | |
| Goblin Zeppelin | 5 | |
| Hippogryph | 21 | |
96 total
» upgrades
| Reinforced Hides | 3 | |
| Abolish Magic | 1 | |
| Strength of the Wild | 3 | |
| Druid of the Talon Training | 2 | |
| Mark of the Talon | 1 | |
| Nature's Blessing | 1 | |
| Well Spring | 1 | |
| Ultravision | 1 | |
13 total
» buildings
| Altar of Elders | 1 | |
| Moon Well | 10 | |
| Tree of Ages | 2 | |
| Hunter's Hall | 1 | |
| Ancient of Wonders | 3 | |
| Tree of Life | 5 | |
| Ancient of Lore | 3 | |
| Ancient of Wind | 4 | |
| Ancient Protector | 9 | |
| Tree of Eternity | 1 | |
39 total
» build order
00:11 Altar of Elders
00:15 Moon Well
01:17 Moon Well
02:17 Tree of Ages
02:41 Hunter's Hall
02:46 Ancient of Wonders
04:10 Moon Well
04:12 Moon Well
04:38 Tree of Life
04:44 Moon Well
05:36 Ancient of Lore
05:43 Ancient of Lore
07:09 Ancient of Wind
07:40 Ancient Protector
07:44 Ancient Protector
07:47 Ancient Protector
09:03 Moon Well
11:02 Tree of Eternity
11:07 Tree of Life
11:38 Moon Well
16:45 Tree of Life
20:03 Ancient of Wonders
20:07 Ancient Protector
20:28 Ancient Protector
21:23 Tree of Life
21:29 Ancient Protector
21:51 Ancient of Wind
22:52 Moon Well
27:32 Ancient Protector
27:37 Ancient Protector
27:44 Ancient Protector
34:02 Ancient of Wind
34:07 Ancient of Lore
34:21 Ancient of Wind
34:53 Moon Well
34:58 Ancient of Wonders
35:03 Moon Well
35:18 Tree of Life
» items
| Boots of Speed | 2 | |
| Staff of Preservation | 1 | |
| Scroll of Town Portal | 6 | |
| Orb of Corruption | 1 | |
| Scroll of Regeneration | 1 | |
| Scroll of Healing | 2 | |
| Potion of Lesser Invulnerability | 1 | |
| Scroll of Protection | 1 | |
15 total
Graf_Biber (
orange | 48 APM | 1780 actions | 37:26)
6 Death Knight
3 Death Coil
2 Unholy Aura
1 Animate Dead
5 Lich
3 Frost Nova
2 Frost Armor
5 Dreadlord
2 Sleep
3 Vampiric Aura
» actions
| Assign group hotkey | 87 | |
| Build / train | 114 | |
| Enter build submenu | 25 | |
| Enter hero's abilities submenu | 16 | |
| Give item / drop item | 1 | |
| Right click | 734 | |
| Select / deselect | 450 | |
| Select group hotkey | 232 | |
| Use ability | 121 | |
1780 total
» units
| Acolyte | 16 | |
| Ghoul | 5 | |
| Crypt Fiend | 11 | |
| Frost Wyrm | 11 | |
| Gargoyle | 17 | |
60 total
» upgrades
| Creature Attack | 3 | |
| Creature Carapace | 3 | |
| Web | 1 | |
| Burrow | 1 | |
| Freezing Breath | 1 | |
9 total
» buildings
| Graveyard | 2 | |
| Crypt | 1 | |
| Ziggurat | 11 | |
| Altar of Darkness | 1 | |
| Tomb of Relics | 1 | |
| Necropolis | 2 | |
| Halls of the Dead | 1 | |
| Black Citadel | 1 | |
| Sacrificial Pit | 1 | |
| Spirit Tower | 4 | |
| Boneyard | 2 | |
27 total
» build order
00:26 Graveyard
00:31 Crypt
00:40 Graveyard
00:48 Ziggurat
01:08 Altar of Darkness
01:45 Ziggurat
02:30 Tomb of Relics
03:17 Ziggurat
04:50 Necropolis
06:16 Necropolis
06:19 Halls of the Dead
07:32 Ziggurat
08:42 Black Citadel
08:45 Sacrificial Pit
09:49 Ziggurat
11:01 Ziggurat
11:02 Ziggurat
11:03 Ziggurat
11:55 Spirit Tower
11:58 Spirit Tower
11:59 Spirit Tower
12:34 Ziggurat
12:38 Boneyard
12:42 Boneyard
14:25 Spirit Tower
27:30 Ziggurat
27:33 Ziggurat
» items
| Rod of Necromancy | 2 | |
| Scroll of Town Portal | 12 | |
| Potion of Healing | 4 | |
| Orb of Corruption | 2 | |
20 total
puki1992 (
green | 40 APM | 1514 actions | 37:26)
5 Death Knight
2 Death Coil
3 Unholy Aura
» actions
| Build / train | 72 | |
| Enter build submenu | 29 | |
| Enter hero's abilities submenu | 5 | |
| Give item / drop item | 1 | |
| Remove unit from queue | 3 | |
| Right click | 691 | |
| Select / deselect | 642 | |
| Use ability | 70 | |
1514 total
» units
| Acolyte | 9 | |
| Ghoul | 3 | |
| Crypt Fiend | 28 | |
| Abomination | 5 | |
| Obsidian Statue | 4 | |
49 total
» upgrades
| Web | 1 | |
| Disease Cloud | 1 | |
| Unholy Armor | 1 | |
3 total
» buildings
| Altar of Darkness | 1 | |
| Ziggurat | 12 | |
| Crypt | 1 | |
| Tomb of Relics | 1 | |
| Graveyard | 1 | |
| Nerubian Tower | 1 | |
| Halls of the Dead | 1 | |
| Black Citadel | 1 | |
| Sacrificial Pit | 1 | |
| Spirit Tower | 4 | |
| Slaughterhouse | 3 | |
| Necropolis | 1 | |
28 total
» build order
00:14 Altar of Darkness
00:17 Ziggurat
00:20 Crypt
00:45 Tomb of Relics
01:06 Graveyard
01:14 Nerubian Tower
02:46 Ziggurat
02:48 Ziggurat
03:14 Halls of the Dead
05:44 Black Citadel
06:14 Ziggurat
06:40 Sacrificial Pit
07:45 Spirit Tower
08:45 Slaughterhouse
08:50 Slaughterhouse
08:52 Slaughterhouse
11:19 Ziggurat
11:22 Ziggurat
12:19 Ziggurat
15:01 Ziggurat
15:51 Spirit Tower
27:18 Necropolis
27:26 Ziggurat
27:28 Ziggurat
28:06 Ziggurat
28:09 Ziggurat
28:24 Spirit Tower
29:10 Spirit Tower
» items
| Rod of Necromancy | 1 | |
| Scroll of Town Portal | 4 | |
5 total
team 2 (loser)

»
BARAMINE (
purple | 47 APM | 1685 actions | 35:30)
6 Death Knight
3 Death Coil
2 Unholy Aura
1 Animate Dead
4 Lich
2 Frost Nova
2 Frost Armor
» actions
| Build / train | 133 | |
| Enter build submenu | 38 | |
| Enter hero's abilities submenu | 10 | |
| Give item / drop item | 1 | |
| Remove unit from queue | 1 | |
| Right click | 852 | |
| Select / deselect | 546 | |
| Use ability | 104 | |
1685 total
» units
| Acolyte | 42 | |
| Ghoul | 4 | |
| Crypt Fiend | 15 | |
| Frost Wyrm | 4 | |
| Obsidian Statue | 7 | |
| Meatwagon | 5 | |
| Goblin Zeppelin | 1 | |
| Abomination | 1 | |
79 total
» upgrades
| Web | 1 | |
| Burrow | 1 | |
| Creature Attack | 3 | |
| Creature Carapace | 3 | |
| Freezing Breath | 1 | |
| Destroyer Form | 1 | |
10 total
» buildings
| Graveyard | 1 | |
| Crypt | 2 | |
| Ziggurat | 11 | |
| Altar of Darkness | 1 | |
| Tomb of Relics | 1 | |
| Halls of the Dead | 1 | |
| Sacrificial Pit | 1 | |
| Black Citadel | 3 | |
| Spirit Tower | 14 | |
| Boneyard | 2 | |
| Slaughterhouse | 3 | |
| Necropolis | 2 | |
42 total
» build order
00:10 Graveyard
00:15 Crypt
00:31 Ziggurat
01:03 Altar of Darkness
01:29 Tomb of Relics
02:07 Ziggurat
04:08 Halls of the Dead
04:38 Ziggurat
05:06 Ziggurat
07:01 Sacrificial Pit
07:08 Ziggurat
07:47 Black Citadel
07:47 Black Citadel
08:03 Spirit Tower
08:05 Spirit Tower
12:13 Boneyard
12:33 Boneyard
13:27 Slaughterhouse
14:20 Ziggurat
14:52 Ziggurat
15:39 Ziggurat
16:41 Necropolis
17:24 Spirit Tower
17:26 Ziggurat
18:33 Spirit Tower
19:34 Ziggurat
19:56 Spirit Tower
19:57 Spirit Tower
19:57 Spirit Tower
20:00 Spirit Tower
20:01 Spirit Tower
20:01 Spirit Tower
24:26 Spirit Tower
24:35 Crypt
26:24 Necropolis
30:23 Slaughterhouse
30:25 Slaughterhouse
35:05 Ziggurat
» items
| Rod of Necromancy | 1 | |
| Boots of Speed | 1 | |
| Scroll of Town Portal | 3 | |
| Orb of Corruption | 4 | |
| Potion of Healing | 1 | |
10 total
Knevelkint (
teal | 51 APM | 1905 actions | 37:04)
6 Pit Lord
3 Rain of Fire
2 Howl of Terror
1 Doom
5 Tauren Chieftain
3 Shockwave
2 Endurance Aura
5 Pandaren Brewmaster
3 Breath of Fire
2 Drunken Brawler
» actions
| Assign group hotkey | 39 | |
| Basic commands | 22 | |
| Build / train | 112 | |
| Enter build submenu | 27 | |
| Enter hero's abilities submenu | 17 | |
| Give item / drop item | 3 | |
| Remove unit from queue | 4 | |
| Right click | 670 | |
| Select / deselect | 383 | |
| Select group hotkey | 456 | |
| Use ability | 172 | |
1905 total
» units
| Peon | 20 | |
| Grunt | 4 | |
| Troll Batrider | 28 | |
| Shaman | 11 | |
| Goblin Zeppelin | 1 | |
| Troll Witch Doctor | 5 | |
69 total
» upgrades
| Shaman Training | 2 | |
| Liquid Fire | 1 | |
| Reinforced Defenses | 1 | |
| Witch Doctor Training | 2 | |
6 total
» buildings
| Orc Burrow | 9 | |
| Barracks | 1 | |
| Altar of Storms | 2 | |
| Voodoo Lounge | 2 | |
| Stronghold | 1 | |
| War Mill | 2 | |
| Great Hall | 4 | |
| Beastiary | 2 | |
| Fortress | 1 | |
| Spirit Lodge | 1 | |
| Watch Tower | 1 | |
26 total
» build order
00:21 Orc Burrow
01:05 Barracks
01:10 Altar of Storms
01:41 Orc Burrow
01:51 Voodoo Lounge
03:20 Orc Burrow
03:24 Orc Burrow
04:18 Stronghold
04:23 War Mill
05:15 Orc Burrow
05:19 Orc Burrow
06:26 Great Hall
06:49 Beastiary
06:53 Beastiary
08:26 Fortress
09:24 Great Hall
09:41 Spirit Lodge
13:13 Orc Burrow
15:59 Great Hall
18:39 Great Hall
27:21 Watch Tower
33:52 Orc Burrow
33:54 Orc Burrow
33:56 Altar of Storms
34:55 Voodoo Lounge
35:03 War Mill
» items
| Healing Salve | 3 | |
| Lesser Clarity Potion | 2 | |
| Scroll of Town Portal | 4 | |
| Orb of Lightning | 3 | |
12 total
qlaNd (
pink | 192 APM | 7090 actions | 36:58)
7 Death Knight
3 Death Coil
3 Unholy Aura
1 Animate Dead
6 Lich
3 Frost Nova
2 Frost Armor
1 Death and Decay
» actions
| Assign group hotkey | 120 | |
| Basic commands | 65 | |
| Build / train | 95 | |
| Enter build submenu | 29 | |
| Enter hero's abilities submenu | 14 | |
| Give item / drop item | 3 | |
| Remove unit from queue | 1 | |
| Right click | 2236 | |
| Select / deselect | 813 | |
| Select group hotkey | 3589 | |
| Use ability | 125 | |
7090 total
» units
| Acolyte | 19 | |
| Ghoul | 8 | |
| Crypt Fiend | 14 | |
| Frost Wyrm | 18 | |
59 total
» upgrades
| Web | 1 | |
| Freezing Breath | 1 | |
| Creature Attack | 2 | |
| Creature Carapace | 1 | |
5 total
» buildings
| Graveyard | 1 | |
| Ziggurat | 13 | |
| Crypt | 1 | |
| Altar of Darkness | 1 | |
| Tomb of Relics | 1 | |
| Halls of the Dead | 1 | |
| Necropolis | 2 | |
| Black Citadel | 1 | |
| Sacrificial Pit | 1 | |
| Boneyard | 3 | |
| Spirit Tower | 2 | |
27 total
» build order
00:29 Graveyard
00:32 Ziggurat
00:37 Crypt
00:56 Altar of Darkness
01:12 Ziggurat
01:27 Tomb of Relics
03:37 Halls of the Dead
04:23 Necropolis
05:01 Ziggurat
06:03 Black Citadel
06:07 Ziggurat
06:40 Sacrificial Pit
07:39 Ziggurat
08:48 Boneyard
09:09 Boneyard
09:28 Ziggurat
09:29 Ziggurat
10:04 Boneyard
10:51 Ziggurat
15:05 Spirit Tower
15:47 Spirit Tower
18:16 Ziggurat
18:17 Ziggurat
18:18 Ziggurat
18:18 Ziggurat
18:31 Ziggurat
31:08 Necropolis
» items
| Rod of Necromancy | 1 | |
| Dust of Appearance | 1 | |
| Scroll of Town Portal | 3 | |
| Orb of Corruption | 1 | |
| Scroll of Healing | 1 | |
7 total
Roedgers (
yellow | 107 APM | 4015 actions | 37:26)
7 Priestess of the Moon
3 Trueshot Aura
3 Searing Arrows
1 Starfall
» actions
| Assign group hotkey | 51 | |
| Basic commands | 1 | |
| Build / train | 109 | |
| Enter build submenu | 23 | |
| Enter hero's abilities submenu | 7 | |
| Give item / drop item | 3 | |
| Remove unit from queue | 3 | |
| Right click | 1631 | |
| Select / deselect | 691 | |
| Select group hotkey | 1416 | |
| Use ability | 80 | |
4015 total
» units
| Wisp | 26 | |
| Archer | 19 | |
| Hippogryph | 13 | |
| Chimaera | 7 | |
| Goblin Zeppelin | 1 | |
| Gargoyle | 2 | |
| Frost Wyrm | 1 | |
69 total
» upgrades
| Strength of the Moon | 3 | |
| Moon Armor | 3 | |
| Improved Bows | 1 | |
| Hippogryph Taming | 1 | |
| Marksmanship | 1 | |
| Strength of the Wild | 3 | |
| Reinforced Hides | 3 | |
| Well Spring | 1 | |
| Corrosive Breath | 1 | |
| Ultravision | 1 | |
| Nature's Blessing | 1 | |
19 total
» buildings
| Altar of Elders | 1 | |
| Moon Well | 8 | |
| Ancient of War | 2 | |
| Hunter's Hall | 2 | |
| Tree of Ages | 1 | |
| Tree of Life | 1 | |
| Ancient of Wonders | 1 | |
| Ancient of Wind | 2 | |
| Tree of Eternity | 1 | |
| Chimaera Roost | 3 | |
22 total
» build order
00:06 Altar of Elders
00:13 Moon Well
00:29 Ancient of War
01:24 Moon Well
03:09 Moon Well
03:26 Hunter's Hall
04:07 Moon Well
04:58 Tree of Ages
05:40 Tree of Life
05:55 Moon Well
06:20 Ancient of Wonders
07:41 Ancient of Wind
07:44 Ancient of Wind
08:35 Tree of Eternity
10:36 Moon Well
12:25 Moon Well
13:03 Ancient of War
14:48 Hunter's Hall
17:43 Chimaera Roost
17:44 Chimaera Roost
17:47 Chimaera Roost
19:20 Moon Well
» items
| Scroll of Town Portal | 4 | |
| Potion of Healing | 1 | |
| Staff of Preservation | 1 | |
| Orb of Venom | 1 | |
| Anti-magic Potion | 1 | |
8 total
Chat log
(00:05 / Allies) puki1992: gold plz
(00:06 / Allies) puki1992: fast
(00:37 / Allies) FATidiot: cock balls
(00:42 / Allies) dida_7: 4e
(01:39 / Allies) Graf_Biber: blue help me withe exe plz
(01:48 / Allies) FATidiot: i take
(01:54 / Allies) puki1992: red help me too plz
(01:57 / Allies) dida_7: my
(02:01 / Allies) puki1992: no my
(02:01 / Allies) puki1992: plz
(02:05 / Allies) dida_7: no me
(02:07 / Allies) puki1992: kk
(02:08 / Allies) dida_7: you
(02:12 / Allies) puki1992: okay then help
(02:15 / Allies) dida_7: k
(03:03 / Allies) dida_7: help plz
(03:06 / Allies) puki1992: no untis
(03:27 / Allies) dida_7: go
(05:19 / Allies) dida_7: omg
(05:25 / Allies) dida_7: no b
(06:18 / Allies) puki1992: gold plz
(06:46 / Allies) FATidiot: units?
(07:42 / Allies) FATidiot: red mb do units
(08:36 / Allies) puki1992: b
(11:01 / Allies) FATidiot: wood pls
(13:06 / Allies) dida_7: gold plz
(13:21 / Allies) dida_7: 100 gold plz
(14:01 / Allies) puki1992: b
(14:34 / Allies) puki1992: omg
(14:35 / Allies) puki1992: bluie
(14:36 / Allies) puki1992: no tp
(14:40 / Allies) FATidiot: ??
(14:42 / Allies) puki1992: oha
(14:43 / Allies) puki1992: yes
(14:45 / Allies) puki1992: okay you hjave
(15:26 / Allies) FATidiot: leave
(15:31 / Allies) puki1992: gold
(15:31 / Allies) puki1992: plz
(16:05 / Allies) FATidiot: mass abo
(16:05 / Allies) puki1992: tp
(16:05 / Allies) FATidiot: ofmg
(16:06 / Allies) puki1992: plz
(16:08 / Allies) FATidiot: fcuking noob
(16:12 / Allies) puki1992: what
(17:18 / Allies) puki1992: orange
(17:31 / Allies) dida_7: gold plz 200
(17:33 / Allies) dida_7: i need tp
(17:40 / Allies) dida_7: ty
(17:47 / Allies) dida_7: GOLD
(17:51 / Allies) dida_7: I TP
(19:03 / Allies) puki1992: go???
(19:21 / Allies) puki1992: blue
(19:22 / Allies) puki1992: stay
(19:30 / Allies) FATidiot: idiot army u have
(19:32 / Allies) FATidiot: lvl 2 dk...
(20:11 / Allies) FATidiot: b
(20:11 / Allies) FATidiot: b
(20:47 / Allies) Graf_Biber: b
(21:42 / Allies) dida_7: B
(22:48 / Allies) FATidiot: tp
(22:49 / Allies) FATidiot: all
(22:50 / Allies) puki1992: gooo
(24:37 / Allies) FATidiot: buy tp green
(24:50 / Allies) puki1992: #gold
(25:07 / Allies) Graf_Biber: make
(25:20 / Allies) puki1992: gold
(26:20 / Allies) FATidiot: b
(27:14 / Allies) Graf_Biber: kill exe
(27:26 / Allies) FATidiot: tower
(29:00 / Allies) puki1992: b
(29:15 / Allies) puki1992: tp``???
(29:23 / Allies) dida_7: TP?
(29:25 / Allies) puki1992: y
(29:29 / Allies) dida_7: NO(
(29:32 / Allies) puki1992: omg
(29:44 / Allies) puki1992: fu
(29:46 / Allies) puki1992: say faster
(30:21 / Allies) dida_7: tp?
(30:22 / Allies) puki1992: no
(30:24 / Allies) puki1992: tp
(30:24 / Allies) Graf_Biber: y
(30:25 / Allies) puki1992: nooo
(30:29 / Allies) FATidiot: let die
(30:33 / Allies) puki1992: y
(31:57 / Allies) puki1992: base
(32:21 / Allies) puki1992: all
(32:21 / Allies) puki1992: tp
(33:13 / Allies) puki1992: blue is a nice gamer!!!
(33:16 / Allies) puki1992: very nice gamer!!!
(33:25 / Allies) puki1992: i love him ^^
(35:01 / Allies) puki1992: all tp
(35:01 / Allies) puki1992: and go
(35:37 / Allies) puki1992: n1 blue
(35:43 / Allies) puki1992: w
(35:54 / Allies) puki1992: gold
(35:55 / Allies) puki1992: plz
(35:56 / Allies) FATidiot: tp on my exe?
(35:57 / Allies) puki1992: for exe
(36:00 / Allies) puki1992: y
(36:01 / Allies) puki1992: all
(36:10 / Allies) puki1992: gold plz
(36:11 / Allies) FATidiot: go
(36:15 / Allies) puki1992: tp
(36:15 / Allies) puki1992: fast
(36:16 / Allies) puki1992: fast
(36:16 / Allies) puki1992: fast
(36:17 / Allies) puki1992: all
(36:59 / Allies) puki1992: gold
(37:01 / Allies) puki1992: pplz
(37:04 / All) puki1992: n1
(37:11 / All) Graf_Biber: imba game
(37:17 / All) Graf_Biber: thx 2 blue :)
(37:18 / All) Roedgers: gg ;)
(37:23 / Allies) puki1992: yes thx blue